 Dungeon Crawl Stone Soup version 0.17.0-28-g6e173f8 (console) character file.

128 Kloppie the Ruffian (level 4, 0/35 HPs)
             Began as a Draconian Transmuter on Nov 22, 2015.
             Killed by divine providence
             ... invoked by an orc priest
              (11 damage)
             ... on level 3 of the Dungeon.
             The game lasted 00:04:32 (2824 turns).

Kloppie the Ruffian (Draconian Transmuter)          Turns: 2824, Time: 00:04:33

Health: 0/35       AC:  5    Str: 12    XL:     4   Next: 87%
Magic:  7/7        EV:  7    Int: 15    God:
Gold:   83         SH:  0    Dex: 11    Spells: 2 memorised, 3 levels left

rFire  . . .     SeeInvis .       - Unarmed
rCold  . . .     Clarity  .     (armour unavailable)
rNeg   . . .     SustAt   .     (no shield)
rPois  .         Gourm    .     (helmet restricted)
rElec  .         Spirit   .     (no cloak)
rCorr  .         Warding  .     (no gloves)
rMut   .         Stasis   .     (no boots)
MR     .....                    (no amulet)
Stlth  +.........               (no ring)
                                (no ring)

@: not resistant to hostile enchantments, very unstealthy
A: unfitting armour, cold-blooded, AC +5
a: no special abilities


You were on level 3 of the Dungeon.
You were not hungry.

You visited 1 branch of the dungeon, and saw 4 of its levels.

You collected 83 gold pieces.

Inventory:

Missiles
 a - 12 arrows
 h - 27 poisoned needles
Jewellery
 j - a cursed ring of teleportation {unknown}
Scrolls
 d - a scroll of enchant armour {unknown}
 e - 4 scrolls of identify {unknown}
 f - a scroll of blinking {unknown}
 k - a scroll of fog {unknown}
 n - a scroll of enchant weapon {unknown}
Potions
 i - a potion of agility {unknown}
 l - a potion of curing {unknown}
Books
 b - a book of Changes

   Spells                             Type                      Level
   a - Beastly Appendage              Transmutation                1
   b - Sticks to Snakes               Transmutation                2
   c - Spider Form                    Transmutation/Poison         3
   d - Ice Form                       Ice/Transmutation            4
   e - Blade Hands                    Transmutation                5
Comestibles
 c - a bread ration
 g - 2 meat rations


   Skills:
 - Level 1.1 Fighting
 - Level 1.7 Dodging
 + Level 5.6 Unarmed Combat
 - Level 2.0 Spellcasting
 - Level 2.0 Transmutations


You had 3 spell levels left.
You knew the following spells:

 Your Spells              Type           Power        Failure   Level  Hunger
a - Beastly Appendage     Trmt           #.....       12%         1    #......
b - Spider Form           Trmt/Pois      #.........   43%         3    ###....


Dungeon Overview and Level Annotations

Branches:
Dungeon (4/15)
 Temple: D:4-7

Altars:

Annotations:
D:3 Arkorax's ghost, amateur MfGl


Innate Abilities, Weirdness & Mutations

Your plain brown scales are hard (AC +5).
Your body does not fit into most forms of armour.
You are cold-blooded and may be slowed by cold attacks.


Message History

No target in view!
No target in view!
You now have 83 gold pieces (gained 6).
As you open the large door, it creaks loudly!
An orc and an orc priest come into view.
The orc shouts!
You hear a shout!
The orc priest shouts!
You hear a shout! 2 orcs come into view.
The orc shouts! x2
The orc throws a stone.
The stone hits you.
The orc moves out of view.
You see here a stone.
The orc priest mumbles some strange prayers to Beogh against you.
Something smites you!
All of the chunks of flesh in your inventory have rotted away.
The orc priest mumbles some strange prayers to Beogh against you.
Something smites you!
* * * LOW HITPOINT WARNING * * *
There is a stone staircase leading up here.
The orc priest invokes the aid of Beogh against you.
Something smites you!
You die...

.. ..### .#...# ....
#... #...
.####..########
.......@..)...# #
#.####..o#####.# ..
#.#####.......... ..
#.#...............#
..
.####.#.#.o.........
.# ..
........#o##........
.. ..
#####..o#.##........
# ..
#.........##........
..
#.#...#.####........


You could see an orc priest and 2 orcs.

Vanquished Creatures
  A worker ant zombie (D:4)
  5 adders
  2 oozes (D:3)
  A worm (D:2)
  3 giant geckos
  An orc (D:3)
  7 giant cockroaches
  5 goblins
  3 hobgoblins
  2 jackals (D:1)
  8 kobolds
  A quokka (D:4)
  6 bats
  5 giant newts
  6 rats
56 creatures vanquished.

Notes
Turn   | Place    | Note
--------------------------------------------------------------
     0 | D:1      | Kloppie the Draconian Transmuter began the quest for the Orb.
     0 | D:1      | Reached XP level 1. HP: 16/16 MP: 3/3
   202 | D:1      | Reached XP level 2. HP: 17/23 MP: 5/5
   757 | D:1      | Reached skill level 4 in Unarmed Combat
  1132 | D:2      | You fall through a shaft for 2 floors!
  1140 | D:4      | Reached XP level 3. HP: 21/28 MP: 4/6
  1175 | D:3      | Noticed Arkorax's ghost (amateur MfGl)
  1613 | D:2      | Reached XP level 4. HP: 27/35 MP: 5/7
  1770 | D:2      | Reached skill level 5 in Unarmed Combat
  2755 | D:3      | Learned a level 3 spell: Spider Form
  2824 | D:3      | Killed from afar by an orc priest

Action                   |  1- 3 |  4- 6 || total
-------------------------+-------+-------++-------
Melee: Unarmed           |   131 |    96 ||   227
 Cast: Beastly Appendage |     6 |     4 ||    10
 Stab: Sleeping          |     3 |       ||     3
  Eat: Chunk             |     2 |     4 ||     6
